AoeStats
← Onestepbeyond

Oasis

507969598Analyzed
2v2 RM · 11d ago on Sep 20, 2026· 50m 55s· 4 players
Game mode
Random Map
Map size
Medium (4 player)
Population
200
Speed
Normal
Resources
Standard
Victory
Conquest
Starting age
Dark Age
Ending age
Imperial Age
RankedLock teamsTeams togetherTeam positionsShared explorationLock speedFull tech treeHidden civsTurbo modeCheats
Victory
Defeat
🇬🇧 Poles · United Kingdom
1034
+12
🇫🇷 Magyars · France
977
+14
🇷🇺 Jurchens · Russia
938
-13
🇦🇲 Inca · Armenia
938
-13
Felinehen123
7:14 Loom
11:07 Feudal Age
12:10 Horse Collar
12:21 Double-Bit Axe
18:06 Castle Age
16:48 Stone Mining
18:01 Bloodlines
18:09 Scale Mail Armor
20:20 Forging
20:11 Scale Mail Armor
20:00 Arson
25:56 Squires
27:49 Iron Casting
28:56 Chain Mail Armor
29:55 Heavy Plow
30:45 Fletching
32:03 Wheelbarrow
32:51 Bodkin Arrow
37:51 Imperial Age
38:12 Szlachta Privileges
38:15 Scale Barding Armor
38:26 Bloodlines
38:18 Husbandry
38:35 Cavalier
39:40 Chain Barding Armor
39:47 Gold Mining
42:10 Blast Furnace
42:20 Conscription
42:06 Light Cavalry
44:25 Winged Hussar
46:11 Elite Obuch
48:18 Plate Mail Armor
48:24 Town Watch
48:57 Hand Cart
50:54 Lechitic Legacy
Onestepbeyond
4:31 Loom
11:30 Feudal Age
17:51 Castle Age
17:40 Double-Bit Axe
19:55 Horse Collar
21:20 Town Watch
22:37 Gold Mining
23:22 Bow Saw
26:22 Heavy Plow
27:30 Scale Barding Armor
27:53 Stone Mining
31:11 Wheelbarrow
31:16 Gold Shaft Mining
31:50 Chain Barding Armor
32:24 Hand Cart
36:14 Imperial Age
36:28 Scale Mail Armor
36:19 Fletching
37:04 Onager
39:57 Conscription
40:13 Hoardings
38:59 Elite Magyar Huszar
43:20 Corvinian Army
43:57 Ballistics
44:38 Chemistry
xcho89
6:53 Loom
9:55 Feudal Age
10:36 Double-Bit Axe
14:37 Horse Collar
24:12 Castle Age
23:32 Stone Mining
24:38 Forging
25:41 Heavy Plow
27:26 Murder Holes
28:38 Caravan
30:19 Iron Casting
32:08 Stone Shaft Mining
32:27 Fletching
39:20 Imperial Age
41:47 Masonry
48:04 Bow Saw
49:03 Blast Furnace
48:47 Wheelbarrow
Tiglatpalasar
12:00 Feudal Age
13:32 Horse Collar
13:41 Double-Bit Axe
16:14 Gold Mining
17:13 Stone Mining
22:58 Castle Age
22:59 Wheelbarrow
24:00 Heavy Plow
24:20 Bow Saw
27:58 Fortified Wall
29:58 Gold Shaft Mining
29:59 Stone Shaft Mining
32:49 Husbandry
33:02 Forging
32:53 Scale Mail Armor
32:58 Scale Barding Armor
32:54 Padded Archer Armor
32:44 Fletching
36:42 Imperial Age
40:20 Chemistry
39:41 Ballistics
39:57 Hand Cart
40:45 Two-Man Saw
39:13 Heavy Rocket Cart
42:33 Pikeman
43:14 Squires
45:12 Halberdier
46:01 Bodkin Arrow
46:27 Chain Barding Armor
46:43 Iron Casting
46:24 Chain Mail Armor
46:48 Bracer
47:27 Iron Casting
47:08 Chain Mail Armor
Connection lost

Rejoining the realm…

Still unreachable

The connection could not be restored.

Session expired

The server has moved on; the page needs a fresh start.